 Dungeon Crawl Stone Soup version 0.21-a0-170-g0398fc9 (webtiles) character file.

289 sonofabitch the Chopper (level 6, -2/56 HPs)
             Began as a Minotaur Berserker on Aug 7, 2017.
             Was a Believer of Trog.
             Slain by an ogre
             ... wielding a +0 giant club
              (14 damage)
             ... on level 4 of the Dungeon.
             The game lasted 00:12:59 (2792 turns).

sonofabitch the Chopper (Minotaur Berserker)        Turns: 2792, Time: 00:12:59

Health: -2/56      AC:  9    Str: 21    XL:     6   Next: 9%
Magic:  5/5        EV:  9    Int:  6    God:    Trog [**....]
Gold:   248        SH:  0    Dex: 10    Spells: 5/5 levels left

rFire    . . .     SeeInvis .   a - +0 hand axe
rCold    . . .     Gourm    .   (no shield)
rNeg     . . .     Faith    .   g - +0 chain mail
rPois    .         Spirit   .   (helmet restricted)
rElec    .         Reflect  .   (no cloak)
rCorr    +         Harm     .   (no gloves)
MR       .....                  (no boots)
Stlth    ..........             (no amulet)
HPRegen  0.18/turn              k - ring of resist corrosion
MPRegen  0.09/turn              (no ring)

@: berserk cooldown, slowed, very slow
A: retaliatory headbutt, horns 2
a: Berserk, Trog's Hand, Burn Spellbooks, Renounce Religion


You were on level 4 of the Dungeon.
You worshipped Trog.
Trog was pleased with you.
You were near starving.

You visited 1 branch of the dungeon, and saw 4 of its levels.

You collected 248 gold pieces.

Inventory:

Hand Weapons
 a - a +0 hand axe (weapon)
 u - a +0 battleaxe
Armour
 b - a +0 animal skin
 g - a +0 chain mail (worn)
Jewellery
 k - a ring of resist corrosion (left hand)
Wands
 s - a wand of disintegration (5/24)
 v - a wand of lightning (10/15)
Scrolls
 e - 2 scrolls of identify
 f - a scroll of enchant armour {unknown}
 h - 2 scrolls of remove curse {unknown}
 i - 2 scrolls of recharging {unknown}
 j - a scroll of teleportation {unknown}
 m - a scroll of fear {unknown}
 n - a scroll of enchant weapon {unknown}
 o - a scroll of immolation {unknown}
 p - a scroll of random uselessness {unknown}
Potions
 d - a potion of ambrosia {unknown}
 l - a potion of haste {unknown}
 q - a potion of invisibility {unknown}
 r - 4 potions of curing
 t - a potion of magic {unknown}
 w - a potion of might {unknown}
Comestibles
 c - 3 bread rations


   Skills:
 + Level 5.0 Fighting
 * Level 5.8 Axes
 + Level 4.0 Armour
 + Level 3.6 Dodging


You had 5 spell levels left.
You didn't know any spells.

Dungeon Overview and Level Annotations

Branches:
Dungeon (4/15)             Temple (0/1) D:4

Altars:
Makhleb
The Shining One

Portals:
Sewer: D:3

Annotations:
D:4 1 runed door


Innate Abilities, Weirdness & Mutations

You reflexively headbutt those who attack you in melee.
You have a pair of horns on your head.


Message History

You are too injured to fight recklessly!
You are too injured to fight recklessly!
You feel a strong urge to attack something.
You are too injured to fight recklessly!
You are too injured to fight recklessly!
You feel your anger subside.
You are no longer berserk.
You are exhausted.
You feel yourself slow down. The ogre hits you with a giant club!
* * * LOW HITPOINT WARNING * * *
You hit the ogre but do no damage.
The ogre is severely wounded.
The ogre closely misses you.
You hit the ogre.
The ogre is almost dead.
The ogre barely misses you.
You hit the ogre. You headbutt the ogre.
The ogre is almost dead.
The ogre hits you with a giant club!
You die...

# #........#
+
##.#########
#
#...........
##.#.######
#.#.#
#.#.#######
#.#.......#
#.#######.#
#.# #@# #.
#O# #.# #.#
#.# #.# #.#
#.# #.#


You could see an ogre.

Vanquished Creatures
  Blork the orc (D:4)
  A hound (D:2)
  A worker ant (D:4)
  5 gnolls
  6 adders
  4 worms
  3 leopard geckos
  2 bats
  2 giant cockroaches
  6 goblins
  5 hobgoblins
  2 quokkas (D:2)
  A ball python (D:1)
  8 frilled lizards
  4 kobolds
  9 rats
60 creatures vanquished.

Notes
Turn   | Place    | Note
-------+----------+-------------------------------------------
     0 | D:1      | sonofabitch the Minotaur Berserker began the quest for the Orb.
     0 | D:1      | Reached XP level 1. HP: 19/19 MP: 0/0
   223 | D:1      | Reached XP level 2. HP: 21/27 MP: 1/1
   586 | D:1      | Found a glowing golden altar of the Shining One.
   782 | D:2      | Reached XP level 3. HP: 31/33 MP: 2/2
   822 | D:2      | Found a burning altar of Makhleb.
   847 | D:2      | Reached ** piety under Trog
   847 | D:2      | Reached XP level 4. HP: 25/41 MP: 3/3
  1853 | D:3      | Reached XP level 5. HP: 46/47 MP: 4/4
  1876 | D:3      | Reached skill level 5 in Axes
  2090 | D:3      | Found a glowing drain.
  2463 | D:4      | Noticed Blork the orc
  2470 | D:4      | Killed Blork the orc
  2470 | D:4      | Reached skill level 5 in Fighting
  2470 | D:4      | Reached XP level 6. HP: 56/56 MP: 5/5
  2631 | D:4      | Found a staircase to the Ecumenical Temple.
  2688 | D:4      | Found a runed door.
  2792 | D:4      | Slain by an ogre

Vault maps used:
D:1:      dpeg_arrival_three_same_balls, tso_altar
D:2:      makhleb_blood_cavern_becter
D:3:      portal_sewer_entry_d
D:4:      minmay_temple_entry_nine_rooms, first_bread, serial_shops,
          kennysheep_mini_moat, uniq_blork_the_orc, uniq_crazy_yiuf_cottage

Skill      XL: |  1  2  3  4  5 |
---------------+----------------+-----
Fighting       | 4 5 |  5.0
Axes           | 4 5 |  5.8
Armour         | 3 4 |  4.0
Dodging        | 3 |  3.6

Action                   |  1- 3 |  4- 6 || total
-------------------------+-------+-------++-------
Melee: Hand axe          |    47 |   101 ||   148
       Headbutt          |     8 |    19 ||    27
Invok: Berserk           |     1 |     3 ||     4
  Use: Potion            |       |     2 ||     2
       Scroll            |       |     2 ||     2
 Stab: Distracted        |     1 |       ||     1
       Sleeping          |       |     3 ||     3
  Eat: Chunk             |       |     3 ||     3
       Meat ration       |       |     1 ||     1
Armor: Animal skin       |     5 |    13 ||    18
       Chain mail        |       |     9 ||     9
Dodge: Dodged            |    23 |    46 ||    69
